 Dungeon Crawl Stone Soup version 0.26-a0-259-g1effd001a9 (webtiles) character file.

Game seed: 8810932435920113305

1729 vurker the Fortune-Teller (level 8, -3/65 HPs)
             Began as a Demonspawn Brigand on July 16, 2020.
             Was a Believer of Nemelex Xobeh.
             Killed from afar by an orc wizard (9 damage)
             ... with a magic dart
             ... on level 7 of the Dungeon.
             The game lasted 00:10:10 (6865 turns).

vurker the Fortune-Teller (Demonspawn Brigand)      Turns: 6865, Time: 00:10:10

Health: -3/65      AC: 15    Str: 14    XL:     8   Next: 76%
Magic:  14/14      EV:  6    Int: 12    God:    Nemelex Xobeh [**....]
Gold:   332        SH:  0    Dex: 15    Spells: 7/7 levels left

rFire    . . .     SeeInvis .   u - +3 dagger (drain)
rCold    . . .     Faith    .   (no shield)
rNeg     . . .     Spirit   .   s - +0 chain mail
rPois    .         Reflect  .   w - +2 helmet
rElec    .         Harm     .   c - +0 cloak
rCorr    .                      (no gloves)
MR       +....                  n - +0 pair of boots
Stlth    ..........             z - amulet of magic regeneration
HPRegen  0.20/turn              m - ring of protection from magic
MPRegen  0.39/turn              i - +4 ring of slaying

@: mighty
A: molten scales 1, foul stench 1, powered by pain 1, rot immunity
a: Draw Escape, Draw Destruction, Draw Summoning, Renounce Religion


You were on level 7 of the Dungeon.
You worshipped Nemelex Xobeh.
Nemelex Xobeh was pleased with you.
You were hungry.

You visited 1 branch of the dungeon, and saw 7 of its levels.

You collected 332 gold pieces.

Inventory:

Hand Weapons
 u - a +3 dagger of draining (weapon)
   (You took it off a goblin on level 2 of the Dungeon)
Missiles
 f - 4 curare-tipped darts (quivered)
 v - 7 atropa-tipped darts
 x - a throwing net
Armour
 c - a +0 cloak (worn)
 n - a +0 pair of boots (worn)
   (You found it on level 6 of the Dungeon)
 s - a +0 chain mail (worn)
   (You took it off Terence on level 2 of the Dungeon)
 w - a +2 helmet (worn)
   (You found it on level 3 of the Dungeon)
Jewellery
 i - a +4 ring of slaying (right hand)
   (You found it on level 1 of the Dungeon)
 m - a ring of protection from magic (left hand)
   (You found it on level 6 of the Dungeon)
 z - an amulet of magic regeneration (around neck)
   (You found it on level 6 of the Dungeon)
Scrolls
 g - 4 scrolls of teleportation
 k - a scroll of enchant weapon
 o - 2 scrolls of blinking
 t - a scroll of remove curse
 y - a scroll of fear
Potions
 a - 5 potions of resistance
 b - a potion of brilliance
 d - a potion of lignification
 h - a potion of heal wounds
 j - a potion of flight
 l - a potion of cancellation {unknown}
 p - a potion of haste {unknown}
 q - a potion of magic
 r - a potion of berserk rage {unknown}
Comestibles
 e - 13 rations


   Skills:
 + Level 6.9 Fighting
 - Level 1.7 Short Blades
 + Level 6.3 Throwing
 - Level 0.8 Dodging
 - Level 3.6 Stealth
 + Level 8.0 Invocations


You had 7 spell levels left.
You didn't know any spells.
Your spell library contained the following spells:

 Spells                   Type           Power        Failure   Level
 Magic Dart               Conj           #...         100%        1
 Blink                    Tloc           N/A          100%        2
 Call Imp                 Summ           #.......     100%        2
 Slow                     Hex            #.......     100%        2
 Conjure Flame            Conj/Fire      #.......     100%        3
 Mephitic Cloud           Conj/Pois/Air  #.......     100%        3


Dungeon Overview and Level Annotations

Branches:
Dungeon (7/15)             Temple (0/1) D:4

Altars:
Elyvilon
Fedhas
Hepliaklqana
Nemelex Xobeh
Ru

Annotations:
D:7 Dowan, Duvessa


Innate Abilities, Weirdness & Mutations

You are partially covered in molten scales. (AC +2)
You may emit foul miasma when damaged in melee.
You sometimes gain a little power by taking damage.
You are immune to rotting.


Message History

Your orb of destruction hits a crystal wall. x2
Dowan, Brother of Duvessa comes into view.
He is wielding a +0 dagger.
Your orb of destruction hits a crystal wall.
The orc wizard mumbles some strange words.
The orc wizard blinks!
The orc warrior hits you from afar with a +0 glaive!
* * * LOW HITPOINT WARNING * * *
You focus on the pain.
You feel mightier all of a sudden.
The orc priest calls upon Beogh to heal the orc warrior.
The orc warrior is healed somewhat.
You draw a card...
You have drawn the Pentagram.
A hound comes into view.
The orc warrior barely misses you. The orc warrior misses your rakshasa.
Your rakshasa hits the orc warrior with a +0 long sword!
Your ynoxinul gestures at the orc warrior.
The iron shot misses the orc warrior.
You feel a bit more experienced. The orc warrior misses your rakshasa.
Your ynoxinul hits the orc warrior! Something closely misses your ynoxinul.
Your rakshasa hits the orc warrior with a +0 long sword!
The orc warrior dies!
Something misses your ynoxinul.
Your ynoxinul hits the orc priest!
Your rakshasa barely misses the orc priest.
Something bites your ynoxinul.
The orc priest looks satisfied for a moment.
Your ynoxinul hits the orc priest!
The orc priest dies!
Your Invocations skill increases to level 8!
Something bites your ynoxinul. Something barely misses your ynoxinul.
Duvessa hits your rakshasa but does no damage.
Something barely misses your rakshasa.
Duvessa hits your rakshasa with a +0 vampiric short sword!
An orc comes into view. It is wielding a +0 mace.
The orc shouts!
The orc throws a stone.
The stone hits you but does no damage.
You see here a stone.
The orc throws a stone.
The stone hits you but does no damage.
You see here a stone.
The orc throws a stone.
The stone hits you but does no damage.
You see here 15 arrows.
The orc throws a stone.
The stone hits you but does no damage.
Your rakshasa blinks!
Found 3 javelins.
The orc wizard points at you and mumbles some strange words.
The magic dart hits you!
You die...
Your body glows slightly and disappears.

###.....## #........#
.. #......#### ...
#........(##...
###...<....#.... ##
###.#.#.###.#.....
##.##.....###......#
###........†##.....#
...........##...@..##.#
#..†.......R........#
#..#..)........###(.#
#.#..###)##.....## #
......#).#.(3.## #.
#..#.......###### #
#o.o...e.......#
#..[.##.#.(.o..####
o...... ###......#


You could see Duvessa, an orc wizard (fast), an orc, a friendly rakshasa
(summoned) and a friendly ynoxinul (summoned).

Vanquished Creatures
  Eustachio (D:5)
  A sky beast (D:6)
  An ogre (D:5)
  2 centaurs (D:5)
  A bullfrog (D:6)
  A wight (D:6)
  3 hounds
  A centaur zombie (D:5)
  6 orc priests
  A gnoll shaman (D:5)
  A jelly (D:5)
  A bullfrog zombie (D:6)
  A bullfrog skeleton (D:6)
  Terence (D:2)
  6 iguanas
  2 orc wizards
  2 worker ants
  A worker ant zombie (D:5)
  4 gnolls (D:5)
  5 adders
  2 shadow imps
  4 white imps (D:5)
  3 ufetubi (D:5)
  An ooze (D:3)
  An adder zombie (D:6)
  A worm (D:4)
  A dart slug (D:1)
  3 leopard geckos
  9 orcs
  4 bats
  2 giant cockroaches
  5 goblins
  5 hobgoblins
  7 jackals
  5 quokkas
  A ball python (D:2)
  12 frilled lizards
  A jackal skeleton (D:6)
  3 kobolds (D:3)
  4 rats
116 creatures vanquished.

Vanquished Creatures (collateral kills)
  An orc warrior (D:7)
  A bullfrog (D:5)
  3 wights (D:6)
  An orc wizard (D:7)
  An orc priest (D:7)
7 creatures vanquished.

Grand Total: 123 creatures vanquished

Notes
Turn   | Place    | Note
-------+----------+-------------------------------------------
     0 | D:1      | vurker the Demonspawn Brigand began the quest for the Orb.
     0 | D:1      | Reached XP level 1. HP: 16/16 MP: 1/1
   222 | D:1      | Gained mutation: You sometimes gain a little power by
                  | taking damage. [demonic ancestry]
   222 | D:1      | Reached XP level 2. HP: 21/23 MP: 2/2
   940 | D:2      | Gained mutation: You are immune to rotting. [demonic
                  | ancestry]
   940 | D:2      | Reached XP level 3. HP: 19/28 MP: 3/3
  1148 | D:2      | Found a sparkling altar of Nemelex Xobeh.
  1168 | D:2      | Found a sacrificial altar of Ru.
  1168 | D:2      | Found a hazy altar of Hepliaklqana.
  1168 | D:2      | Found a white marble altar of Elyvilon.
  1177 | D:2      | Became a worshipper of Nemelex Xobeh the Trickster
  1229 | D:2      | Noticed Terence
  1233 | D:2      | Killed Terence
  1233 | D:2      | Reached skill level 1 in Invocations
  1297 | D:2      | Gained mutation: You are partially covered in molten
                  | scales. (AC +2) [demonic ancestry]
  1297 | D:2      | Reached XP level 4. HP: 33/35 MP: 3/5
  1513 | D:2      | Received a gift from Nemelex Xobeh
  2020 | D:3      | Found a faded altar of an unknown god.
  2211 | D:3      | Reached skill level 2 in Invocations
  2292 | D:4      | Reached XP level 5. HP: 31/42 MP: 6/6
  2579 | D:4      | Found a staircase to the Ecumenical Temple.
  2604 | D:4      | Reached * piety under Nemelex Xobeh
  2613 | D:4      | Reached skill level 3 in Invocations
  2723 | D:4      | Got a buzzing helmet
  2729 | D:4      | Identified the cursed +0 helmet of the Slug {*Slow rC+
                  | rCorr Int+7} (You found it on level 4 of the Dungeon)
  3192 | D:4      | Gained mutation: You may emit foul miasma when damaged in
                  | melee. [demonic ancestry]
  3192 | D:4      | Reached XP level 6. HP: 38/48 MP: 8/8
  3279 | D:5      | Entered Level 5 of the Dungeon
  3279 | D:5      | Found a blossoming altar of Fedhas.
  3390 | D:5      | Reached skill level 4 in Invocations
  4049 | D:5      | Found a blossoming altar of Fedhas.
  4062 | D:5      | Reached XP level 7. HP: 53/55 MP: 10/10
  4078 | D:5      | Received a gift from Nemelex Xobeh
  4092 | D:5      | Reached skill level 5 in Fighting
  4092 | D:5      | Reached skill level 5 in Invocations
  4360 | D:5      | Noticed Eustachio
  4395 | D:5      | Killed Eustachio
  4675 | D:5      | Reached skill level 5 in Throwing
  4681 | D:5      | Reached skill level 6 in Invocations
  4961 | D:5      | Reached XP level 8. HP: 10/64 MP: 12/12
  6026 | D:6      | Reached ** piety under Nemelex Xobeh
  6033 | D:6      | Reached skill level 7 in Invocations
  6837 | D:7      | Noticed Duvessa
  6842 | D:7      | Noticed Dowan
  6843 | D:7      | HP: 2/65 [orc warrior/+0 glaive (13)]
  6852 | D:7      | Reached skill level 8 in Invocations
  6865 | D:7      | Killed from afar by an orc wizard

Illustrated notes

Levels and vault maps discovered:
D:1:      scummos_arrival_star, layout_loops_ring
D:2:      layout_basic, grunt_temple_overflow_open, first_ration,
          minmay_lizard_pond, uniq_terence
D:3:      layout_rooms, chequers_ecumenical_altar_island
D:4:      layout_basic, minmay_temple_entry_gardened_gates
D:5:      layout_basic, basic_altar, fedhas_altar_1, uniq_eustachio
D:6:      layout_layer_cave, minmay_fractal_squares_5
D:7:      layout_cave_pools, uniq_duvessa, uniq_crazy_yiuf_cottage

Skill      XL: |  1  2  3  4  5  6  7  8 |
---------------+-------------------------+-----
Throwing       | 2 3 4 5 6 |  6.3
Fighting       | 3 4 5 6 |  6.9
Invocations    | 1 2 3 4 6 8 |  8.0
Short Blades   | |  1.7
Dodging        | |  0.8
Stealth        | |  3.6

Action                   |  1- 3 |  4- 6 |  7- 9 || total
-------------------------+-------+-------+-------++-------
Melee: Dagger            |    61 |   201 |   213 ||   475
Invok: Draw Destruction  |       |       |     5 ||     5
       Draw Summoning    |       |       |     3 ||     3
  Use: Scroll            |       |     8 |     9 ||    17
 Stab: Sleeping          |     8 |       |       ||     8
       Petrifying        |       |       |     3 ||     3
  Eat: Ration            |     1 |     2 |     2 ||     5
Armor: Robe              |     1 |       |       ||     1
       Leather armour    |    15 |     1 |       ||    16
       Chain mail        |       |   150 |   201 ||   351
Dodge: Dodged            |    29 |    52 |    69 ||   150

Table legend:
 A = Non-vault XP
 B = Vault XP
 C = Vault XP percentage of total XP
 D = Non-vault monster count
 E = Vault monster count
 F = Vault count percentage of total count
                 A         B        C        D         E       F
            +---------+---------+-------+---------+---------+-------
      Total |    1910 |     560 |  22.7 |     108 |      15 |  12.2
            +---------+---------+-------+---------+---------+-------
        D:1 |      28 |       0 |   0.0 |      13 |       0 |   0.0
        D:2 |      31 |      45 |  59.2 |      12 |      10 |  45.5
        D:3 |      74 |       0 |   0.0 |      16 |       0 |   0.0
        D:4 |     224 |       0 |   0.0 |      12 |       0 |   0.0
        D:5 |     492 |     515 |  51.1 |      21 |       5 |  19.2
        D:6 |     706 |       0 |   0.0 |      24 |       0 |   0.0
        D:7 |     355 |       0 |   0.0 |      10 |       0 |   0.0
            +---------+---------+-------+---------+---------+-------
